 Dungeon Crawl Stone Soup version 0.28-b1-25-g9875b3fc8c (webtiles) character file.

Game seed: 7540915475288087054

1330 rocky1 the Blocker (level 8, -3/64 HPs)
             Began as a Minotaur Fighter on Feb 2, 2022.
             Slain by an orc warrior (17 damage)
             ... on level 6 of the Dungeon.
             The game lasted 00:09:13 (5631 turns).

rocky1 the Blocker (Minotaur Fighter)               Turns: 5631, Time: 00:09:13

Health: -3/64      AC: 14    Str: 23    XL:     8   Next: 34%
Magic:  7/7        EV:  9    Int:  8    God:
Gold:   221        SH:  6    Dex: 10    Spells: 7/7 levels left

rFire   + . .      SeeInvis .   a - +0 war axe
rCold   . . .      Faith    .   c - +0 buckler
rNeg    . . .      Spirit   .   s - +3 scale mail
rPois   .          Reflect  .   (helmet restricted)
rElec   .          Harm     .   (no cloak)
rCorr   .          Rampage  .   p - +0 pair of gloves
Will    .....                   v - +2 pair of boots of Awe {Int+3}
Stlth   ..........              (no amulet)
HPRegen 0.20/turn               h - ring of protection from fire
MPRegen 0.10/turn               (no ring)

@: no status effects
A: horns 2, retaliatory headbutt
a: no special abilities


You were on level 6 of the Dungeon.
You visited 1 branch of the dungeon, and saw 6 of its levels.

You collected 221 gold pieces.

Inventory:

Hand Weapons
 a - a +0 war axe (weapon)
Missiles
 q - 10 poisoned darts (quivered)
 t - 4 javelins
Armour
 c - a +0 buckler (worn)
 p - a +0 pair of gloves (worn)
 s - a +3 scale mail (worn)
 v - the +2 pair of boots of Awe (worn) {Int+3}
   (You found it on level 5 of the Dungeon)

   Int:       It affects your intelligence (+3).
Jewellery
 b - a ring of wizardry
 h - a ring of protection from fire (left hand)
Scrolls
 g - a scroll of fog {unknown}
 j - a scroll of amnesia {unknown}
 l - a scroll of torment {unknown}
 m - a scroll of blinking {unknown}
 n - 2 scrolls of magic mapping {unknown}
 u - 3 scrolls of teleportation {unknown}
Potions
 d - a potion of might
 e - 2 potions of degeneration {unknown}
 f - 2 potions of magic {unknown}
 i - a potion of flight {unknown}
 k - a potion of haste {unknown}
 o - 5 potions of curing
 r - a potion of mutation {unknown}


   Skills:
 - Level 3.6 Fighting
 + Level 9.0 Axes
 - Level 3.6 Armour
 + Level 9.4 Shields


You had 7 spell levels left.
You didn't know any spells.
Your spell library contained the following spells:

 Spells                   Type           Power      Damage    Failure   Level
 Animate Skeleton         Necr           0%         N/A       78%         1
 Pain                     Necr           0%         1d4       78%         1
 Sublimation of Blood     Necr           0%         N/A       89%         2
 Wereblood                Tmut           0%         N/A       89%         2
 Vampiric Draining        Necr           0%         2d6       98%         3
 Fireball                 Conj/Fire      0%         3d3       100%        5
 Iskenderun's Battlesphe  Conj           0%         2d6       100%        5
 Iron Shot                Conj/Erth      0%         9d1       100%        6
 Summon Hydra             Summ           0%         N/A       100%        7


Dungeon Overview and Level Annotations

Branches:
Dungeon (6/15)             Temple (0/1) D:5

Altars:

Shops:
D:2 =(


Innate Abilities, Weirdness & Mutations

You have a pair of horns on your head.
You reflexively headbutt those who attack you in melee.


Message History

The orc warrior is severely wounded.
You closely miss the orc priest. You hit the orc wizard.
You barely miss the orc. The orc wizard barely misses you.
The orc priest hits you but does no damage.
The orc misses you. The orc wizard closely misses you.
The orc warrior hits you with a +0 dire flail!
You feel less confused. You block the orc priest's attack.
The orc wizard gestures at you while chanting.
The puff of flame hits you. You resist.
Unknown command.
You barely miss the orc. Your headbutt misses the orc.
The orc is almost dead.
You closely miss the orc wizard.
You hit the orc warrior but do no damage.
The orc priest mumbles some strange prayers to Beogh against you.
Beogh smites you! The orc hits you but does no damage.
The orc warrior hits you with a +0 dire flail!
* * * LOW HITPOINT WARNING * * *
The orc wizard barely misses you. You furiously retaliate!
You headbutt the orc wizard.
The orc priest hits you but does no damage.
You closely miss the orc.
The orc is almost dead.
You barely miss the orc warrior. You hit the orc wizard.
The orc hits you with a +0 club.
* * * LOW HITPOINT WARNING * * *
The orc warrior hits you with a +0 dire flail!
* * * LOW HITPOINT WARNING * * *
The orc wizard hits you but does no damage.
The orc priest barely misses you.
You hit the orc.
You kill the orc!
You barely miss the orc warrior. You closely miss the orc wizard.
The orc warrior barely misses you. You block the orc wizard's attack.
The orc priest hits you but does no damage.
Unknown command.
It was a potion of curing.
You feel better.
The orc warrior hits you with a +0 dire flail!
You die...

######## #......#
############......#
#.........#.......#
................<.#
#..............####
#.......o).#.###
.......@).##.#
#.......oo#o.#
..........#.##
.<........#o
.....#...#..
..#####..... .
#.##..# #.. ...


You could see an orc warrior, an orc priest and an orc wizard.

Vanquished Creatures
  A black bear (D:5)
  A sky beast (D:5)
  A centaur (D:5)
  3 ogres
  A phantom (D:2)
  2 scorpions (D:5)
  A water moccasin zombie (D:5)
  A centaur skeleton (D:5)
  2 hounds (D:5)
  2 jellies (D:5)
  2 iguanas (D:5)
  4 orc wizards (D:5)
  8 gnolls
  7 adders
  2 ufetubi
  5 worms
  3 dart slugs
  16 orcs
  4 ball pythons
  8 endoplasms
  2 giant cockroaches
  6 hobgoblins
  4 jackals (D:4)
  9 kobolds
  7 quokkas
  5 bats
  2 frilled lizards
  5 goblins
  4 rats
118 creatures vanquished.

Notes
Turn   | Place    | Note
-------+----------+-------------------------------------------
     0 | D:1      | rocky1 the Minotaur Fighter began the quest for the Orb.
     0 | D:1      | Reached XP level 1. HP: 19/19 MP: 0/0
   170 | D:1      | Got Tirauv's Grimoire of Attacks
   284 | D:1      | Reached XP level 2. HP: 26/26 MP: 1/1
   386 | D:1      | Found a faded altar of an unknown god.
   951 | D:2      | Found Laivan's Antique Weapon Emporium.
   990 | D:2      | Reached XP level 3. HP: 7/31 MP: 2/2
  1379 | D:2      | Found Bumiufoi's Jewellery Shop.
  1916 | D:2      | Noticed a phantom
  1923 | D:2      | Killed a phantom
  1924 | D:2      | Reached skill level 5 in Shields
  1924 | D:2      | Reached XP level 4. HP: 34/39 MP: 3/3
  2271 | D:3      | Reached XP level 5. HP: 45/45 MP: 4/4
  2859 | D:3      | Reached skill level 5 in Axes
  3310 | D:4      | Noticed an ogre
  3316 | D:4      | Killed an ogre
  3317 | D:4      | Reached XP level 6. HP: 32/51 MP: 5/5
  4002 | D:5      | Entered Level 5 of the Dungeon
  4162 | D:5      | Reached XP level 7. HP: 41/57 MP: 6/6
  4569 | D:5      | Identified the +2 pair of boots of Awe {Int+3}
  4879 | D:5      | Found a staircase to the Ecumenical Temple.
  4996 | D:5      | Reached XP level 8. HP: 61/64 MP: 7/7
  5631 | D:6      | Slain by an orc warrior

Illustrated notes

Levels and vault maps discovered:
D:1:      dpeg_arrival_refuge, layout_basic, ebering_ecumenical_altar_abandoned
D:2:      layout_loops_cross, serial_shops, nicolae_shop_advertising_works
          [nicolae_subvault_shop_adworks], nicolae_shop_window_shopping,
          grunt_ministairs_12
D:3:      layout_loops_corners
D:4:      layout_rooms, kennysheep_boxes
D:5:      kb_forest_paths, layout_loops_corners, minmay_temple_entry_crystal_x,
          kennysheep_generic_room_3
D:6:      layout_rooms

Skill      XL: |  1  2  3  4  5  6  7  8 |
---------------+-------------------------+-----
Axes           | 3 4 5 6 8 9 |  9.0
Shields        | 4 5 6 7 8 9 |  9.4
Fighting       | |  3.6
Armour         | |  3.6

Action                   |  1- 3 |  4- 6 |  7- 9 || total
-------------------------+-------+-------+-------++-------
Melee: War axe           |    79 |   104 |   101 ||   284
       Headbutt          |     8 |    13 |    17 ||    38
Throw: Dart              |       |     9 |     5 ||    14
  Use: Potion            |       |       |     1 ||     1
Armor: Scale mail        |    29 |    42 |    70 ||   141
Dodge: Dodged            |    33 |    46 |    60 ||   139
Block: Buckler           |    19 |    20 |    15 ||    54
